 Dungeon Crawl Stone Soup version 0.20.1-1-g8b1a95d66d (webtiles) character file.

25 Danqa the Vexing (level 2, 0/14 HPs)
             Began as a Spriggan Arcane Marksman on Nov 25, 2017.
             Succumbed to an adder's poison
             ... on level 1 of the Dungeon on Nov 26, 2017.
             The game lasted 00:03:52 (682 turns).

Danqa the Vexing (Spriggan Arcane Marksman)          Turns: 682, Time: 00:03:53

Health: 0/14       AC:  2    Str:  6    XL:     2   Next: 86%
Magic:  3/5        EV: 19    Int: 14    God:
Gold:   56         SH:  0    Dex: 16    Spells: 2/3 levels left

rFire    . . .     SeeInvis +   a - +0 hunting sling
rCold    . . .     Gourm    .   (shield restricted)
rNeg     . . .     Faith    .   e - +0 robe
rPois    .         Spirit   .   (helmet restricted)
rElec    .         Reflect  .   (no cloak)
rCorr    .         Harm     .   (gloves unavailable)
MR       .....                  (boots unavailable)
Stlth    ++........             (no amulet)
Regen    0.1/turn               (no ring)
MPRegen  0.1/turn               (no ring)

@: lethally poisoned (0 -> -8), very quick
A: unfitting armour, see invisible, herbivore 3, speed 3, slow metabolism 2
a: no special abilities


You were on level 1 of the Dungeon.
You were not hungry.

You visited 1 branch of the dungeon, and saw 2 of its levels.

You collected 56 gold pieces.

Inventory:

Hand Weapons
 a - a +0 hunting sling (weapon)
Missiles
 b - 12 stones
 d - 4 sling bullets (quivered)
 i - 15 poisoned needles
Armour
 e - a +0 robe (worn)
Scrolls
 g - a scroll of identify {unknown}
 h - a scroll of remove curse {unknown}
Books
 c - a book of Debilitation

   Spells                             Type                      Level
   a - Corona                         Hexes                        1
   b - Slow                           Hexes                        2
   c - Inner Flame                    Hexes/Fire                   3
   d - Portal Projectile              Hexes/Translocation          3
   e - Cause Fear                     Hexes                        4
   f - Leda's Liquefaction            Hexes/Earth                  4
Comestibles
 f - 2 bread rations


   Skills:
 + Level 0.7 Fighting
 + Level 2.8 Slings
 + Level 3.5 Dodging
 * Level 1.4 Stealth
 + Level 1.3 Spellcasting
 + Level 4.3 Hexes


You had 2 spell levels left.
You knew the following spells:

 Your Spells              Type           Power        Failure   Level  Hunger
a - Corona                Hex            ##.....      4%          1    ##.....


Dungeon Overview and Level Annotations

Branches:
Dungeon (2/15)

Altars:


Innate Abilities, Weirdness & Mutations

You are very small and have problems with some larger weapons.
You are too small for most types of armour.
You have supernaturally acute eyesight. (SInv)
You are a herbivore.
You cover ground extremely quickly.
You need consume almost no food.


Message History

The adder is moderately wounded.
The adder barely misses you. The adder closely misses you.
Firing (i - inventory. (,) - cycle):
d - 5 sling bullets (quivered)
Press: ? - help, Shift-Dir - straight line, f/p - adder
Aim: an adder (moderately wounded, softly glowing)
You shoot a sling bullet.
The sling bullet hits the adder but does no damage.
The adder is moderately wounded.
The adder bites you.
* * * LOW HITPOINT WARNING * * *
Okay, then.
The rat twitches its whiskers.
The adder closely misses you.
There is a stone staircase leading up here.
The adder bites you.
* * * LOW HITPOINT WARNING * * *
You are lethally poisoned!
The adder poisons you!
You climb upwards.
You die...

#.................###########
#####.....÷...##.####.#§§≈≈≈§≈§§§
..)###+###....##.# #.#§§≈≈≈.....
...###+###.....#.# #.#≈≈§...≈≈≈.
...##..........#.# #.#§.§.≈≈≈.≈≈
...##............# #.#§§§≈≈..<.≈
...##............# #.#≈§..≈≈≈.≈≈
...##............# #.#§§§§..≈≈≈.
...##...........@# #.#§§≈§≈....§
...##..........### #.#§§≈≈≈≈≈.≈§
...#######.....# #.########.##
#####..........######..........#
#......#####....#.##########
#......# #....#.#
#......#####....#.#
#......##.........#
#......##.#########


There were no monsters in sight!

Vanquished Creatures
  A dart slug (D:1)
  5 bats (D:1)
  A giant cockroach (D:1)
  5 goblins (D:1)
  A hobgoblin (D:2)
  4 jackals (D:2)
  2 frilled lizards
  3 rats
22 creatures vanquished.

Notes
Turn   | Place    | Note
-------+----------+-------------------------------------------
     0 | D:1      | Danqa the Spriggan Arcane Marksman began the quest for the Orb.
     0 | D:1      | Reached XP level 1. HP: 9/9 MP: 3/3
   176 | D:1      | Reached skill level 4 in Hexes
   213 | D:1      | Reached XP level 2. HP: 14/14 MP: 5/5
   665 | D:2      | Reached skill level 1 in Stealth
   682 | D:1      | Succumbed to an adder's poison

Skill      XL: |  1  2 |
---------------+-------+-----
Hexes          | 4 |  4.3
Stealth        | 1 |  1.4
Fighting       | |  0.7
Slings         | |  2.8
Dodging        | |  3.5
Spellcasting   | |  1.3

Action                   || total
-------------------------++-------
 Fire: Hunting sling     ||    46
 Cast: Corona            ||     3
Dodge: Dodged            ||    16
